 Dungeon Crawl Stone Soup version 0.31.0-12-g77e489cdc1 (webtiles) character file.

Game seed: 5708184007921706834

236 Gadfly the Insei (level 5, -5/41 HPs)
             Began as a Demonspawn Monk on Feb 11, 2024.
             Killed from afar by an oklob plant (19 damage)
             ... with a splash of acid
             ... on level 4 of the Dungeon.
             The game lasted 00:03:57 (2904 turns).

Gadfly the Insei (Demonspawn Monk)                  Turns: 2904, Time: 00:03:57

Health: -5/41      AC:  3    Str: 13    XL:     5   Next: 77%
Magic:  5/5        EV: 15    Int: 10    God:
Gold:   224        SH:  0    Dex: 16    Spells: 1/4 levels left

rFire   . . .        b - +5 long sword (venom)
rCold   + . .        c - orb {light}
rNeg    . . .        a - +1 robe
rPois   +            (helmet currently unavailable)
rElec   .            (cloak currently unavailable)
rCorr   .            (gloves currently unavailable)
SInv    .            (boots currently unavailable)
Will    .....        (no amulet)
Stlth   +            m - ring of protection from cold
HPRegen 0.26/turn    h - ring of poison resistance
MPRegen 0.09/turn

%: no passive effects
@: beast-form, glowing
A: beast (slay +1), claws 1, repulsion field 1, spiny 1
a: Begin Untransformation


You were on level 4 of the Dungeon.
You were a hulking beast.
You visited 1 branch of the dungeon, and saw 4 of its levels.

You collected 224 gold pieces.

Inventory:

Hand Weapons
 b - a +5 long sword of venom (weapon)
 o - a +2 dagger of electrocution
Armour
 a - a +1 robe (worn)
 c - an orb of light (worn)
Jewellery
 h - a ring of poison resistance (right claw)
 m - a ring of protection from cold (left claw)
Talismans
 r - a beast talisman (active)
Scrolls
 e - a scroll of enchant weapon
 j - 2 scrolls of identify
 n - 4 scrolls of teleportation
 p - a scroll of brand weapon {unknown}
 s - a scroll of blinking {unknown}
Potions
 d - 2 potions of heal wounds
 f - a potion of mutation
 g - a potion of haste
 i - a potion of ambrosia
 k - a potion of magic {unknown}
 l - 2 potions of lignification
 q - a potion of curing {unknown}


   Skills:
 - Level 3.0 Fighting
 + Level 3.4 Dodging
 * Level 3.8 Unarmed Combat
 * Level 2.9 Evocations
 * Level 2.1 Shapeshifting


You had one spell level left.
You knew the following spells:

 Your Spells              Type           Power      Damage    Failure   Level
a - Apportation           Tloc           0%         N/A       36%         1
b - Blink                 Tloc           0%         N/A       50%         2

Your spell library contained the following spells:

 Spells                   Type           Power      Damage    Failure   Level
 Jinxbite                 Hex            0%         N/A       50%         2
 Lesser Beckoning         Tloc           0%         N/A       50%         2
 Momentum Strike          Conj/Tloc      0%         3d8       50%         2
 Alistair's Intoxication  Alch           0%         N/A       100%        5
 Summon Forest            Summ/Tloc      0%         N/A       100%        5
 Eringya's Noxious Bog    Alch           0%         4d6       100%        6
 Summon Hydra             Summ           0%         N/A       100%        7


Dungeon Overview and Level Annotations

Branches:
Dungeon (4/15)
 Temple: D:4-7

Altars:
Fedhas

Annotations:
D:4 exclusion: oklob plant


Innate Abilities, Weirdness & Mutations

You are a hulking beast.
Your limbs bulge with bestial killing power. (Slay +1)
You have sharp fingernails.
You are surrounded by a mild repulsion field. (EV +2)
You are partially covered in sharp spines.


Message History

Marking area around an oklob plant as unsafe for travelling.
You start waiting.
Done waiting.
Okay, then.
Okay, then.
Okay, then.
You hit the plant.
The plant begins to die.
The plant is lightly damaged.
An oklob plant is nearby!
An oklob plant is nearby!
You slash the plant!
The plant begins to die.
The plant is poisoned.
The plant is lightly damaged.
A nearby plant withers and dies.
An oklob plant is nearby!
A nearby plant withers and dies.
Okay, then.
An oklob plant is nearby!
You begin transforming.
You continue transforming. x3
You turn into a hulking beast.
You slash the plant!
The plant begins to die.
The plant looks as sick as possible!
The plant is lightly damaged.
Unknown command.
A nearby plant withers and dies.
You hit the oklob plant.
The oklob plant is lightly damaged.
You hit the oklob plant but do no damage.
The oklob plant is poisoned.
The oklob plant is lightly damaged.
You hit the oklob plant but do no damage.
The oklob plant looks as sick as possible!
The oklob plant is lightly damaged.
The oklob plant spits acid at you. The splash of acid hits you!!
Ouch! That really hurt!
You hit the oklob plant.
The oklob plant is lightly damaged.
The oklob plant spits acid at you. The splash of acid hits you!!
You die...

##................#######.##
#..(.......>.............#
#)......................##
##......................#
#.....................##
#.....#################
#.....#P.PPP..PPPPP
##....#.#P.♣.PPPP.#
#...<#PPh..PPP♣P♣
#.)..#♣..P.P#P♣P♣##P#P P
#....#.P.PP.♣.......PP♣PP
##<..#P..PP#..~~~≈~..P.PP
#...#PPPP...~≈≈≈≈≈~..P#P ##
#...#P###..≈~≈≈≈≈≈≈≈..P♣
.####
##.###P##P.~≈≈~≈≈~~≈~≈.P
....#####.##
#PPPP.~≈~~...~≈≈~.##
#....(.#.##
#PP.P......_.~≈~≈...


You could see an oklob plant (extremely poisoned).

Vanquished Creatures
  A bombardier beetle (D:4)
  An iguana (D:4)
  An orc wizard (D:3)
  4 adders
  3 dart slugs
  9 orcs (D:3)
  8 ball pythons
  9 endoplasms
  7 giant cockroaches
  7 goblins
  10 hobgoblins
  5 jackals
  8 kobolds
  3 quokkas
  8 bats
  3 frilled lizards
  8 rats
95 creatures vanquished.

Notes
Turn   | Place    | Note
-------+----------+-------------------------------------------
     0 | D:1      | Gadfly the Demonspawn Monk began the quest for the Orb.
     0 | D:1      | Reached XP level 1. HP: 18/18 MP: 1/1
   100 | D:1      | Gained mutation: You have sharp fingernails. [demonic
                  | ancestry]
   100 | D:1      | Reached XP level 2. HP: 19/24 MP: 2/2
   165 | D:1      | Reached skill level 1 in Evocations
   292 | D:1      | Gained mutation: You are partially covered in sharp spines.
                  | [demonic ancestry]
   292 | D:1      | Reached XP level 3. HP: 25/29 MP: 3/3
   640 | D:2      | Reached skill level 1 in Shapeshifting
   688 | D:2      | Learned a level 1 spell: Apportation
   719 | D:2      | Found a faded altar of an unknown god.
   914 | D:2      | Reached XP level 4. HP: 35/35 MP: 4/4
  1544 | D:3      | Gained mutation: You are surrounded by a mild repulsion
                  | field. (EV +2) [demonic ancestry]
  1544 | D:3      | Reached XP level 5. HP: 40/41 MP: 5/5
  2120 | D:3      | Learned a level 2 spell: Blink
  2759 | D:4      | Found a blossoming altar of Fedhas.
  2777 | D:4      | Noticed an oklob plant
  2904 | D:4      | Killed from afar by an oklob plant

Illustrated notes

Levels and vault maps discovered:
D:1:      scummos_arrival_simple_fountains, layout_basic
D:2:      minmay_inner_zag, layout_basic,
          shapermc_ecumenical_altar_mp_urbaneastern, eino_curves_01,
          minmay_worlds_worst_comb
D:3:      layout_loops_cross, general_overflow_altar, kennysheep_donut
D:4:      layout_cave_pods, tgw_fedhas, hangedman_decor_diamond_cutter,
          serial_bayou_pond_c

Skill      XL: |  1  2  3  4  5 |
---------------+----------------+-----
Evocations     | 1 2 |  2.9
Unarmed Combat | 3 |  3.8
Shapeshifting  | 1 2 |  2.1
Dodging        | 3 |  3.4
Fighting       | |  3.0

Action                     |  1- 3 |  4- 6 || total
---------------------------+-------+-------++-------
  Melee: Unarmed           |    77 |     2 ||    79
         Dagger            |    10 |     8 ||    18
         Long sword        |       |    63 ||    63
    Use: Scroll            |     4 |     3 ||     7
         Potion            |     2 |     1 ||     3
 Armour: Robe              |    29 |    28 ||    57
  Dodge: Dodged            |    39 |    32 ||    71
   Form: Beast             |       |     1 ||     1
